Map: Deathaura LE

Players

Kelazhur

  • Race: Terran Terran
  • Spawn Location: 5:00

Bunny - Winner!

  • Race: Terran Terran
  • Spawn Location: 11:00

Event: IEM Katowice 2021

VOD

Have the link to the VOD?

Description

Time

  • Played on: Feb. 20, 2021, 11:17 a.m.
  • Length: 8:38

All games in this series

Show
View Real Time Build Order
Export as new Build Order

Kelazhur Terran 

Build Orders: Reaper Expand 

Get SALT Encoding   

  12  0:00  SCV  
  13  0:12  SCV  
  14  0:16  Supply Depot  
  14  0:24  SCV  
  15  0:38  SCV, Barracks  
  16  0:42  Refinery  
  16  0:50  SCV  
  17  1:02  SCV  
  18  1:14  SCV  
  19  1:26  Reaper, Orbital Command  
  20  1:41  Command Center  
  20  1:50  Supply Depot  
  20  1:52  SCV  
  21  1:57  Marine  
  22  2:05  Factory  
  22  2:08  SCV  
  23  2:15  Marine  
  23  2:20  SCV  
  23  2:21  Bunker  
  25  2:32  SCV  
  25  2:37  Marine  
  26  2:38  Barracks  
  27  2:44  SCV, Refinery  
  28  2:54  Hellion  
  28  2:55  Orbital Command  
  30  3:02  Barracks Reactor  
  30  3:03  SCV  
  31  3:15  SCV  
  31  3:16  Factory Tech Lab  
  32  3:21  SCV  
  32  3:25  Barracks Reactor  
  33  3:27  SCV  
  33  3:29  Starport  
  33  3:33  SCV  
  35  3:36  Cyclone  
  35  3:39  SCV, Marine x2  
  41  3:43  Supply Depot  
  41  3:46  SCV  
  42  3:51  SCV  
  43  3:56  Supply Depot  
  43  3:57  Marine x2  
  43  3:58  SCV  
  46  4:04  SCV, Marine x2  
  49  4:10  SCV  
  49  4:14  Barracks, Marine x2, Factory Tech Lab  
  49  4:16  SCV  
  53  4:17  Raven  
  53  4:22  SCV, Marine x2  
  58  4:26  Supply Depot  
  58  4:29  SCV  
  59  4:32  Marine  
  59  4:34  SCV  
  59  4:38  Marine  
  61  4:39  Refinery  
  61  4:42  Supply Depot  
  62  4:46  Supply Depot  
  62  4:47  SCV x2  
  66  5:00  SCV x2, Marine  
  66  5:01  Stimpack, Marine x2  
  66  5:06  Supply Depot  
  69  5:08  Starport Reactor  
  69  5:12  SCV x2  
  71  5:14  Supply Depot  
  71  5:17  Marine x2, Refinery, Factory Tech Lab  
  71  5:18  Marine  
  71  5:19  Marine  
  75  5:23  Engineering Bay  
  75  5:24  SCV x2  
  75  5:25  Marine  
  75  5:27  Supply Depot  
  78  5:35  Marine x2  
  79  5:36  Siege Tank  
  79  5:42  Marine x2  
  83  5:47  Medivac x2  
  83  5:48  Marine, Supply Depot  
  89  5:50  Terran Infantry Weapons Level 1  
  89  5:53  Marine  
  89  5:56  SCV x2  
  92  5:57  Marine  
  92  6:00  Marine  
  94  6:04  Command Center  
  94  6:08  Siege Tank  
  94  6:10  Marine  
  98  6:11  Supply Depot  
  98  6:21  Marine x2  
  98  6:22  Marine x2  
  99  6:28  Medivac x2  
  99  6:29  Supply Depot  
  99  6:31  Marine  
  104  6:39  Marine  
  105  6:40  Marine x3, Siege Tank  
  105  6:45  SCV, Armory  
  112  6:48  Combat Shield, Engineering Bay  
  112  6:52  SCV  
  112  6:53  Marine  
  114  6:57  Marine  
  98  7:11  Medivac x2  
  98  7:14  SCV  
  91  7:17  Marine x4  
  91  7:18  Marine  
  91  7:19  Orbital Command  
  91  7:20  SCV  
  97  7:26  SCV  
  98  7:32  SCV, Siege Tank  
  98  7:35  Marine  
  98  7:36  Marine  
  104  7:38  SCV  
  104  7:44  Marine x3  
  92  7:47  SCV x2  
  92  7:50  SCV  
  90  7:59  Marine  
  90  8:00  Marine  
  90  8:01  Marine  
  90  8:03  Marine x2  
  90  8:04  SCV x2, Siege Tank  
  90  8:05  SCV  
  85  8:13  Barracks  
  85  8:14  Barracks  
  85  8:16  Marine  
  85  8:19  Marine  
  86  8:25  SCV  
Show
View Real Time Build Order
Export as new Build Order

Bunny Terran - Winner!

Build Orders:  

Get SALT Encoding   

  12  0:00  SCV  
  13  0:12  SCV  
  14  0:17  Supply Depot  
  14  0:24  SCV  
  15  0:39  SCV  
  15  0:40  Barracks  
  16  0:43  Refinery  
  16  0:51  SCV  
  16  0:52  Refinery  
  17  1:03  SCV  
  18  1:15  SCV  
  19  1:28  Reaper, Orbital Command  
  19  1:30  Supply Depot  
  20  1:41  Factory  
  20  1:53  SCV  
  21  2:00  Reaper  
  22  2:05  SCV  
  23  2:17  SCV  
  23  2:20  Command Center  
  24  2:26  Hellion  
  24  2:29  SCV  
  27  2:33  Barracks Reactor  
  27  2:38  Supply Depot  
  27  2:41  SCV  
  28  2:48  Factory Tech Lab  
  28  2:54  SCV  
  28  2:55  Starport  
  28  3:06  SCV  
  28  3:10  Marine x2  
  34  3:18  SCV  
  32  3:21  Factory Tech Lab  
  32  3:28  Marine x2  
  32  3:30  SCV  
  32  3:32  Orbital Command  
  35  3:38  Refinery  
  35  3:41  Raven  
  37  3:43  SCV  
  37  3:46  Marine x2  
  43  3:52  Siege Tank  
  43  3:55  SCV  
  44  3:59  SCV  
  45  4:04  Marine x2  
  45  4:07  SCV  
  48  4:10  Supply Depot  
  48  4:11  SCV  
  49  4:17  Command Center  
  49  4:20  SCV  
  49  4:23  SCV  
  49  4:24  Raven  
  51  4:27  Refinery  
  53  4:32  SCV  
  53  4:33  Supply Depot  
  53  4:35  SCV  
  53  4:37  Marine x2  
  57  4:44  Siege Tank  
  60  4:46  SCV  
  60  4:47  SCV  
  62  4:55  Supply Depot  
  61  5:01  SCV x2  
  63  5:08  Supply Depot  
  63  5:13  SCV x2  
  65  5:14  Marine  
  65  5:15  Stimpack  
  65  5:16  Siege Tank  
  65  5:19  Viking  
  71  5:21  Viking  
  71  5:25  SCV  
  71  5:26  SCV  
  71  5:27  Supply Depot  
  75  5:32  Orbital Command  
  75  5:34  Marine  
  75  5:38  SCV x2  
  77  5:42  Supply Depot  
  77  5:49  Viking  
  79  5:51  Siege Tank, Viking  
  79  5:54  Marine  
  85  5:57  Supply Depot  
  85  6:00  Orbital Command  
  85  6:07  SCV  
  85  6:08  SCV  
  87  6:16  Barracks  
  87  6:17  Barracks  
  86  6:19  Viking  
  86  6:21  Viking  
  86  6:23  SCV x2  
  92  6:26  SCV  
  92  6:27  Marine  
  92  6:30  Siege Tank  
  97  6:35  SCV  
  98  6:43  SCV x2, Engineering Bay x2  
  100  6:47  SCV  
  100  6:49  Viking  
  100  6:51  Viking  
  100  6:54  Marine  
  106  6:55  SCV x2  
  106  6:56  Combat Shield  
  106  7:00  SCV  
  99  7:13  Barracks Reactor x2  
  98  7:15  Siege Tank  
  98  7:21  SCV x2  
  98  7:22  SCV, Barracks, Viking  
  106  7:23  Viking  
  106  7:24  Barracks  
  106  7:27  Marine  
  109  7:42  Sensor Tower  
  109  7:45  SCV x3  
  109  7:47  Marine  
  113  7:52  Viking  
  113  7:53  Viking  
  113  7:58  Marine x4  
  119  8:00  SCV x2  
  119  8:01  SCV  
  119  8:05  Marine  
  121  8:08  Refinery  
  121  8:09  Supply Depot, Refinery  
  121  8:10  Supply Depot  
  124  8:13  Barracks Reactor x2  
  124  8:16  Marine  
  124  8:17  Marine, Supply Depot  
  124  8:18  Marine x2  
  122  8:21  SCV x3  

Tags
 
Add a new tag
Caveats
  • Supply blocks, unpowered buildings, or Contaminate may cause inaccurate times.
  • Supply counts are checked every 10 seconds.